 Dungeon Crawl Stone Soup version 0.28-a0-1524-ge72afd5fc6 (webtiles) character file.

Game seed: 12720970058542062544

93 browni3141 the Conjurer (level 4, -1/32 HPs)
             Began as a Gnoll Conjurer on Jan 17, 2022.
             Splashed by a jelly's acid (8 damage)
             ... on level 3 of the Dungeon.
             The game lasted 00:04:35 (2909 turns).

browni3141 the Conjurer (Gnoll Conjurer)            Turns: 2909, Time: 00:04:36

Health: -1/32      AC:  0    Str:  6    XL:     4   Next: 61%
Magic:  10/11      EV: 14    Int: 20    God:
Gold:   79         SH:  0    Dex: 16    Spells: 5/13 levels left

rFire   + . .      SeeInvis .   h - +2 dagger (venom)
rCold   . . .      Faith    .   (no shield)
rNeg    . . .      Spirit   .   a - +0 robe
rPois   .          Reflect  .   (no helmet)
rElec   .          Harm     .   (no cloak)
rCorr   .          Rampage  .   (no gloves)
Will    .....                   d - +0 pair of boots
Stlth   +++.......              (no amulet)
HPRegen 0.10/turn               o - +6 ring of dexterity
MPRegen 0.12/turn               k - ring of protection from fire

@: corroded
A: fangs 1, strong nose, distributed training
a: no special abilities


You were on level 3 of the Dungeon.
You visited 1 branch of the dungeon, and saw 3 of its levels.

You collected 125 gold pieces.
You spent 46 gold pieces at shops.

Inventory:

Hand Weapons
 h - a +2 dagger of venom (weapon)
 i - a +0 morningstar
Missiles
 c - 3 poisoned darts
Armour
 a - a +0 robe (worn)
 d - a +0 pair of boots (worn)
Jewellery
 f - a ring of protection from cold
 k - a ring of protection from fire (right hand)
 o - a +6 ring of dexterity (left hand)
Wands
 g - a wand of mindburst (12)
 j - a wand of polymorph (11)
Scrolls
 m - a scroll of fog
 n - a scroll of teleportation {unknown}
Potions
 b - a potion of lignification
 e - 2 potions of flight
 l - 2 potions of cancellation {unknown}
 p - 2 potions of curing {unknown}
 q - a potion of magic {unknown}


   Skills:
 + Level 1.2 Fighting
 + Level 1.2 Short Blades
 + Level 1.2 Long Blades
 + Level 1.2 Axes
 + Level 1.2 Maces & Flails
 + Level 1.2 Polearms
 + Level 1.2 Staves
 + Level 1.2 Slings
 + Level 1.2 Bows
 + Level 1.2 Crossbows
 + Level 1.2 Throwing
 + Level 1.2 Armour
 + Level 4.6 Dodging
 + Level 4.3 Stealth
 + Level 1.2 Shields
 + Level 1.2 Unarmed Combat
 + Level 5.1 Spellcasting
 + Level 7.1 Conjurations
 + Level 1.0 Hexes
 + Level 1.0 Summonings
 + Level 1.0 Necromancy
 + Level 1.0 Translocations
 + Level 1.0 Transmutations
 + Level 1.0 Fire Magic
 + Level 1.0 Ice Magic
 + Level 1.0 Air Magic
 + Level 1.0 Earth Magic
 + Level 1.0 Poison Magic
 + Level 1.3 Invocations
 + Level 1.2 Evocations


You had 5 spell levels left.
You knew the following spells:

 Your Spells              Type           Power      Damage    Failure   Level
a - Magic Dart            Conj           100%       1d8       1%          1
b - Searing Ray           Conj           66%        2d6       1%          2
c - Dazzling Flash        Conj/Hex       42%        N/A       6%          3
d - Ensorcelled Hibernat  Hex/Ice        18%        N/A       12%         2

Your spell library contained the following spells:

 Spells                   Type           Power      Damage    Failure   Level
 Passwall                 Tmut/Erth      7%         N/A       12%         2
 Swiftness                Air            9%         N/A       22%         3
 Fulminant Prism          Conj/Hex       10%        3d9       22%         4
 Iskenderun's Mystic Bla  Conj/Tloc      21%        2d6       22%         4
 Agony                    Necr           9%         N/A       91%         5
 Silence                  Hex/Air        4%         N/A       91%         5


Dungeon Overview and Level Annotations

Branches:
Dungeon (3/15)

Altars:
Cheibriados

Shops:
D:1 *?[*(   D:3 =


Innate Abilities, Weirdness & Mutations

You have very sharp teeth.
Your uncanny sense of smell can sniff out nearby items.
Your experience applies equally to all skills.


Message History

There is an open door here.
Found a stone staircase leading up.
You now have 79 gold pieces (gained 9).
You open the door.
There is an open door here.
Found a stone staircase leading up.
q - a pink potion
There is a stone staircase leading up here.
You pick up a book of the Senses and begin reading...
You add the spells Agony and Silence to your library.
You open the door.
There is an open door here.
A jelly comes into view.
The jelly quivers.
You barely miss the jelly. You punch the jelly, but do no damage.
You bite the jelly, but do no damage. The jelly hits you but does no damage.
You hit the jelly but do no damage.
Your hands burn!
The jelly hits you but does no damage.
You hit the jelly. The acid corrodes you!
Your hands burn!
The jelly is moderately wounded.
The jelly closely misses you.
You hit the jelly but do no damage.
Your hands burn!
The jelly is moderately wounded.
The jelly barely misses you.
You hit the jelly.
Your hands burn!
The jelly is moderately wounded.
The jelly hits you.
You are splashed with acid!
You are too injured to fight recklessly!
You are too injured to fight recklessly!
You are too injured to fight recklessly!
Unknown command.
Aiming: Magic Dart (safe; 1% risk of failure)
Press: ? - help, Q - select action, (/) - cycle Shift-Dir - straight line, f - jelly
Aim: a jelly (moderately wounded, 100% to hit)
The magic dart hits the jelly.
The jelly is severely wounded.
The jelly hits you.
* * * LOW HITPOINT WARNING * * *
You are splashed with acid!
You die...

# #.....#.>......#######.# #
#####.....########## #.#
###.........######### #.#
..#.##......'.......# #.####
#.#.#.......#######.# ######...#.
#...#....#####......# #......#.#.
#####........#.########.#....#...
#########.#...#.........#.....
#.........###@#.####.##.#.####
####.######### #J#.# #.......##..
.....# #.#.#####...####.# ######
..#........#.....#
##########.###.### #........
######.## #<....... ######...


You could see a jelly.

Vanquished Creatures
  An orc wizard (D:2)
  2 adders
  A dart slug (D:1)
  3 orcs (D:2)
  5 bats
  2 endoplasms
  2 giant cockroaches
  3 goblins (D:1)
  7 hobgoblins
  3 jackals (D:3)
  2 kobolds (D:2)
  A quokka (D:1)
  5 ball pythons (D:2)
  3 frilled lizards
  A rat (D:1)
41 creatures vanquished.

Notes
Turn   | Place    | Note
-------+----------+-------------------------------------------
     0 | D:1      | browni3141 the Gnoll Conjurer began the quest for the Orb.
     0 | D:1      | Reached XP level 1. HP: 13/13 MP: 6/6
   292 | D:1      | Found Kasabbutz's Antique Armour Boutique.
   295 | D:1      | Reached XP level 2. HP: 19/19 MP: 4/7
   343 | D:1      | Found a faded altar of an unknown god.
   547 | D:1      | Found Soelakaw's General Store.
   563 | D:1      | Found Yrchudad's Magic Scroll Boutique.
   575 | D:1      | Bought a scroll of identify for 22 gold pieces
   736 | D:1      | You fall into a shaft and drop 1 floor!
   748 | D:2      | Learned a level 2 spell: Searing Ray
   858 | D:2      | Reached skill level 5 in Spellcasting
   858 | D:2      | Reached XP level 3. HP: 25/25 MP: 2/9
  1089 | D:2      | Reached skill level 1 in Fighting
  1089 | D:2      | Reached skill level 1 in Short Blades
  1089 | D:2      | Reached skill level 1 in Long Blades
  1089 | D:2      | Reached skill level 1 in Axes
  1089 | D:2      | Reached skill level 1 in Maces & Flails
  1089 | D:2      | Reached skill level 1 in Polearms
  1089 | D:2      | Reached skill level 1 in Staves
  1089 | D:2      | Reached skill level 1 in Slings
  1089 | D:2      | Reached skill level 1 in Bows
  1089 | D:2      | Reached skill level 1 in Crossbows
  1089 | D:2      | Reached skill level 1 in Throwing
  1089 | D:2      | Reached skill level 1 in Armour
  1089 | D:2      | Reached skill level 1 in Shields
  1089 | D:2      | Reached skill level 1 in Unarmed Combat
  1089 | D:2      | Reached skill level 1 in Invocations
  1089 | D:2      | Reached skill level 1 in Evocations
  1089 | D:2      | Reached XP level 4. HP: 32/32 MP: 2/11
  1253 | D:2      | Learned a level 3 spell: Dazzling Flash
  1256 | D:2      | Learned a level 2 spell: Ensorcelled Hibernation
  1903 | D:1      | Found Ereelu's General Store.
  1906 | D:1      | Bought a scroll of fog for 24 gold pieces
  1934 | D:1      | Found Wuanahikk's Antique Weapon Emporium.
  2344 | D:3      | Found a snail-covered altar of Cheibriados.
  2402 | D:3      | Found Ikkaquec's Jewellery Shop.
  2424 | D:3      | Reached skill level 1 in Hexes
  2424 | D:3      | Reached skill level 1 in Summonings
  2424 | D:3      | Reached skill level 1 in Necromancy
  2424 | D:3      | Reached skill level 1 in Translocations
  2424 | D:3      | Reached skill level 1 in Transmutations
  2424 | D:3      | Reached skill level 1 in Fire Magic
  2424 | D:3      | Reached skill level 1 in Ice Magic
  2424 | D:3      | Reached skill level 1 in Air Magic
  2424 | D:3      | Reached skill level 1 in Earth Magic
  2424 | D:3      | Reached skill level 1 in Poison Magic
  2909 | D:3      | Splashed by a jelly's acid

Illustrated notes

Levels and vault maps discovered:
D:1:      onia_arrival_mini_maze, layout_basic, serial_shops,
          nicolae_shop_behind_doors, nicolae_shop_trees,
          nicolae_shop_hallway_plus, shop, shop,
          shapermc_ecumenical_altar_totnotflames, minmay_misc_feat_nine_boxes
D:2:      layout_basic
D:3:      layout_basic, mainiacjoe_overflow_24_doors, serial_shops,
          nicolae_shop_hallway_plus

Skill      XL: |  1  2  3  4 |
---------------+-------------+-----
Spellcasting   | 5 |  5.1
Fighting       | 1 |  1.2
Short Blades   | 1 |  1.2
Long Blades    | 1 |  1.2
Axes           | 1 |  1.2
Maces & Flails | 1 |  1.2
Polearms       | 1 |  1.2
Staves         | 1 |  1.2
Slings         | 1 |  1.2
Bows           | 1 |  1.2
Crossbows      | 1 |  1.2
Throwing       | 1 |  1.2
Armour         | 1 |  1.2
Shields        | 1 |  1.2
Unarmed Combat | 1 |  1.2
Invocations    | 1 |  1.3
Evocations     | 1 |  1.2
Hexes          | 1 |  1.0
Summonings     | 1 |  1.0
Necromancy     | 1 |  1.0
Translocations | 1 |  1.0
Transmutations | 1 |  1.0
Fire Magic     | 1 |  1.0
Ice Magic      | 1 |  1.0
Air Magic      | 1 |  1.0
Earth Magic    | 1 |  1.0
Poison Magic   | 1 |  1.0
Dodging        | |  4.6
Stealth        | |  4.3
Conjurations   | |  7.1

Action                   |  1- 3 |  4- 6 || total
-------------------------+-------+-------++-------
Melee: Dagger            |       |    34 ||    34
       Bite              |       |     4 ||     4
       Punch             |       |     1 ||     1
 Cast: Magic Dart        |    38 |    21 ||    59
       Searing Ray       |     1 |       ||     1
  Use: Scroll            |     2 |       ||     2
 Stab: Sleeping          |       |     2 ||     2
Armor: Robe              |       |     6 ||     6
Dodge: Dodged            |     2 |    24 ||    26

Table legend: (Time is in decaauts)
 A = Elapsed time spent in this place.
 B = Non-inter-level travel time spent in this place.
 C = Inter-level travel time spent in this place.
 D = Time resting spent in this place.
 E = Time spent auto-exploring this place.
 F = Levels seen in this place.
 G = Mean time per level.
                   A        B        C        D        E       F      G
               +--------+--------+--------+--------+--------+-----+--------+
         Total |   2904 |   2811 |     93 |      0 |   2545 |   3 |  968.0 |
       Dungeon |   2904 |   2811 |     93 |      0 |   2545 |   3 |  968.0 |
               +--------+--------+--------+--------+--------+-----+--------+

Top non-repeatable levels by time:
     D:1: 1154 daAuts
     D:2: 1033 daAuts
     D:3: 716 daAuts
